 Dungeon Crawl Stone Soup version 0.21.0-24-g2553a33 (webtiles) character file.

5657 mistymad the Thaumaturge (level 10, 0/86 HPs)
             Began as a Yellow Draconian Conjurer on Jan 20, 2018.
             Was a Believer of Sif Muna.
             Killed by vampiric draining
             ... invoked by a vampire
              (14 damage)
             ... on level 9 of the Dungeon.
             The game lasted 00:47:50 (10865 turns).

mistymad the Thaumaturge (DrCj)                    Turns: 10865, Time: 00:47:51

Health: 0/86       AC:  7    Str: 11    XL:     10   Next: 46%
Magic:  5/23       EV: 15    Int: 19    God:    Sif Muna [**....]
Gold:   213        SH:  3    Dex: 11    Spells: 7/27 levels left

rFire    . . .     SeeInvis .   r - +4 dagger (venom)
rCold    + . .     Gourm    .   (no shield)
rNeg     . . .     Faith    .   (armour unavailable)
rPois    .         Spirit   .   (helmet restricted)
rElec    .         Reflect  +   (no cloak)
rCorr    +         Harm     .   (no gloves)
MR       .....                  (no boots)
Stlth    ++........             j - +3 amulet of reflection
HPRegen  0.24/turn              I - ring of protection from cold
MPRegen  0.18/turn              f - +2 ring of evasion

@: divine energy
A: spit acid, acid resistance, unfitting armour, cold-blooded, AC +7
a: Breathe Acid, Stop Divine Energy, Renounce Religion


You were on level 9 of the Dungeon.
You worshipped Sif Muna.
Sif Muna was pleased with you.
You were very hungry.

You visited 2 branches of the dungeon, and saw 11 of its levels.

You collected 479 gold pieces.
You spent 266 gold pieces at shops.

Inventory:

Hand Weapons
 m - a +0 hunting sling
 r - a +4 dagger of venom (weapon)
 w - a +2 falchion of slicing
Missiles
 d - 336 stones (quivered)
 E - 166 arrows
Armour
 c - a +0 shield
Jewellery
 f - a +2 ring of evasion (right hand)
 j - a +3 amulet of reflection (around neck)
 s - an uncursed ring of flight
 A - a +2 ring of dexterity
 I - a ring of protection from cold (left hand)
Wands
 p - a wand of flame (21)
 v - a wand of clouds (6)
 G - a wand of paralysis (10)
Scrolls
 e - 7 scrolls of remove curse
 g - 2 scrolls of amnesia
 h - 3 scrolls of noise
 i - 2 scrolls of identify
 q - a scroll of immolation
 t - 3 scrolls of blinking
 u - 5 scrolls of magic mapping
 x - 6 scrolls of teleportation
 y - a scroll of fear {unknown}
 B - 2 scrolls of enchant armour
Potions
 k - 2 potions of magic
 l - 4 potions of haste
 n - 2 potions of flight
 o - 2 potions of brilliance
 z - 2 potions of resistance
 C - 3 potions of curing
Books
 a - a book of Conjurations

   Spells                             Type                      Level
   a - Magic Dart                     Conjuration                  1
   b - Searing Ray                    Conjuration                  2
   c - Dazzling Spray                 Conjuration/Hexes            3
   d - Fulminant Prism                Conjuration/Hexes            4
   e - Force Lance                    Conjuration/Translocation    4
   f - Iskenderun's Mystic Blast      Conjuration                  4
 D - a book of Minor Magic

   Spells                             Type                      Level
   a - Magic Dart                     Conjuration                  1
   b - Blink                          Translocation                2
   c - Call Imp                       Summoning                    2
   d - Slow                           Hexes                        2
   e - Conjure Flame                  Conjuration/Fire             3
   f - Mephitic Cloud                 Conjuration/Poison/Air       3
 H - the Incunabulum of Twisted Earth
   (You found it on level 7 of the Dungeon)

   Spells                             Type                      Level
   a - Portal Projectile              Hexes/Translocation          3
   b - Leda's Liquefaction            Hexes/Earth                  4
   c - Bolt of Magma                  Conjuration/Fire/Earth       5
   d - Statue Form                    Transmutation/Earth          6
Comestibles
 b - 16 rations


   Skills:
 + Level 7.3 Fighting
 - Level 3.0 Short Blades
 + Level 3.9 Dodging
 - Level 1.7 Stealth
 * Level 9.1 Spellcasting
 + Level 7.9 Conjurations
 + Level 3.2 Fire Magic
 - Level 2.0 Air Magic
 + Level 3.3 Earth Magic
 - Level 2.0 Poison Magic


You had 7 spell levels left.
You knew the following spells:

 Your Spells              Type           Power        Failure   Level  Hunger
a - Magic Dart            Conj           ####         1%          1    None
b - Searing Ray           Conj           #####.       1%          2    None
c - Dazzling Spray        Conj/Hex       ###...       4%          3    None
d - Iskenderun's Mystic   Conj           #####...     3%          4    ###....
e - Blink                 Tloc           N/A          12%         2    None
f - Mephitic Cloud        Conj/Pois/Air  ###.....     4%          3    None
g - Bolt of Magma         Conj/Fire/Erth ####......   30%         5    #####..


Dungeon Overview and Level Annotations

Branches:
Dungeon (10/15)            Temple (1/1) D:4
   Lair: D:8-11         Orc: D:9-12

Altars:
Ashenzari
Cheibriados
Dithmenos
Elyvilon
Fedhas
Gozag
Hepliaklqana
Kikubaaqudgha
Makhleb
Nemelex Xobeh
Okawaru
Qazlal
Ru
Sif Muna
Trog
Uskayaw
Vehumet
Wu Jian
Xom
Yredelemnul
Zin
The Shining One

Shops:
D:4 ?   D:6 *   D:9 %}%*(

Annotations:
D:2 exclusion: oklob plant


Innate Abilities, Weirdness & Mutations

You can spit globs of acid.
You are resistant to acid.
Your golden yellow scales are hard. (AC +7)
You cannot fit into any form of body armour.
You are cold-blooded and may be slowed by cold attacks.


Message History

* * * LOW HITPOINT WARNING * * *
Something draws strength from your injuries!
You take 13 damage, and have 16/86 hp.
You now have 7/23 mp.
You feel much better.
Unholy energy fills the air.
You regained 14 hp, and now have 30/86 hp.
Unknown command.
Something hits you but does no damage. Something bites you but does no damage.
You hear some strange, mumbled words.
Something tries to affect you, but you resist.
Something hits you. Something completely misses you.
You take 4 damage, and have 26/86 hp.
You barely miss something.
Your tail-slap misses something.
You miss something. Something barely misses you.
Something bites you but does no damage.
You hit something. Something hits you!
* * * LOW HITPOINT WARNING * * *
Something bites you but does no damage.
You take 13 damage, and have 14/86 hp.
The orb of energy hits something.
Unholy energy fills the air.
You die...

### #.###..# ..# #######
#.###..# #.# #.....#
#......## #)# #.....#
#.......# #.# #.....#
#..#.#..# #)# #.....#
#..<....# #.###.....#
#..#.#..# ........#.#
#.......# ##.##.###.#
##..@...# #.##.....#
###{####
#.#############.#######
##.######<.............#
##........######.#####.#
##..####### #...###.####
........# #.#........#
#######.## #...###.##.##
# #...#
#..####.#†..######


There were no monsters in sight!

Vanquished Creatures
  2 two-headed ogres
  Psyche (D:8)
  A troll (D:9)
  2 hippogriffs
  A sky beast (D:8)
  5 ogres
  A black bear (D:9)
  4 orc warriors
  5 centaurs
  5 bullfrogs
  A killer bee (D:9)
  A water moccasin skeleton (D:8)
  3 wights (D:7)
  4 crimson imps
  The ghost of Suckerboh the Magician, a weakling DEFE (D:3)
  A centaur zombie (D:8)
  3 jellies
  5 orc priests
  A bullfrog skeleton (D:5)
  2 hounds (D:5)
  4 iguanas
  10 orc wizards
  7 worker ants
  A killer bee zombie (D:6)
  2 hound zombies
  Robin (D:3)
  A howler monkey skeleton (D:4)
  11 gnolls
  18 adders
  3 shadow imps
  An ooze (D:4)
  2 adder zombies
  An adder skeleton (D:5)
  2 worms (D:5)
  4 leopard geckos
  43 orcs
  3 giant cockroaches
  16 goblins
  10 hobgoblins
  12 jackals
  9 quokkas
  2 ball pythons
  A ball python zombie (D:5)
  10 bats
  6 frilled lizards
  6 kobolds
  A quokka skeleton (D:7)
  5 rats
241 creatures vanquished.

Notes
Turn   | Place    | Note
-------+----------+-------------------------------------------
     0 | D:1      | mistymad the Draconian Conjurer began the quest for the Orb.
     0 | D:1      | Reached XP level 1. HP: 14/14 MP: 3/3
   504 | D:1      | Reached XP level 2. HP: 22/22 MP: 0/5
   812 | D:2      | Reached skill level 1 in Fighting
  1097 | D:2      | Reached XP level 3. HP: 26/28 MP: 0/7
  1405 | D:2      | Reached skill level 3 in Spellcasting
  1545 | D:1      | Learned a level 2 spell: Searing Ray
  1549 | D:1      | Learned a level 3 spell: Dazzling Spray
  1776 | D:2      | Found a glowing silver altar of Zin.
  1776 | D:2      | Found a bloodstained altar of Trog.
  1891 | D:2      | Reached XP level 4. HP: 30/36 MP: 6/8
  1926 | D:2      | Found a blossoming altar of Fedhas.
  1947 | D:2      | Noticed an oklob plant
  2053 | D:3      | Noticed Suckerboh's ghost (weakling DEFE)
  2148 | D:3      | Killed Suckerboh's ghost
  2420 | D:3      | Reached XP level 5. HP: 13/42 MP: 1/10
  2688 | D:3      | Learned a level 4 spell: Iskenderun's Mystic Blast
  2778 | D:3      | Found a faded altar of an unknown god.
  3055 | D:3      | Reached skill level 4 in Spellcasting
  3074 | D:3      | Noticed Robin
  3275 | D:3      | Killed Robin
  3503 | D:4      | Reached skill level 5 in Conjurations
  3503 | D:4      | Reached XP level 6. HP: 51/51 MP: 7/12
  3767 | D:4      | Found a staircase to the Ecumenical Temple.
  3787 | D:4      | Found Diqyra's Magic Scroll Shop.
  3804 | D:4      | Bought a scroll of remove curse for 36 gold pieces
  3804 | D:4      | Bought a scroll of teleportation for 36 gold pieces
  3804 | D:4      | Bought 3 scrolls of identify for 72 gold pieces
  4100 | D:4      | Reached skill level 5 in Spellcasting
  4276 | D:4      | Your scales start taking on a golden yellow colour.
  4276 | D:4      | Reached XP level 7. HP: 51/58 MP: 1/14
  4783 | D:5      | Entered Level 5 of the Dungeon
  5222 | D:5      | Reached skill level 1 in Short Blades
  5924 | D:5      | Reached skill level 6 in Spellcasting
  5943 | D:5      | Reached XP level 8. HP: 34/67 MP: 11/17
  6287 | D:6      | Found Mionisocs's Assorted Antiques.
  6291 | D:6      | Bought a scroll labeled EHEDICEHIACW for 28 gold pieces
  6481 | D:6      | Reached skill level 5 in Fighting
  6602 | D:6      | Noticed a hippogriff
  6624 | D:6      | Killed a hippogriff
  6712 | D:6      | Reached skill level 7 in Spellcasting
  7358 | D:4      | Bought a scroll of identify for 24 gold pieces
  7358 | D:4      | Bought a scroll of amnesia for 42 gold pieces
  7378 | Temple   | Entered the Ecumenical Temple
  7461 | Temple   | Became a worshipper of Sif Muna the Loreminder
  7655 | D:7      | Learned a level 2 spell: Blink
  7659 | D:7      | Learned a level 3 spell: Mephitic Cloud
  7698 | D:7      | Reached XP level 9. HP: 75/75 MP: 20/20
  8046 | D:7      | Identified the Incunabulum of Twisted Earth
  8054 | D:7      | Learned a level 5 spell: Bolt of Magma
  8087 | D:7      | Reached skill level 1 in Air Magic
  8087 | D:7      | Reached skill level 1 in Poison Magic
  8391 | D:8      | Reached * piety under Sif Muna
  8426 | D:8      | Noticed a two-headed ogre
  8431 | D:8      | Killed a two-headed ogre
  8431 | D:8      | Reached skill level 8 in Spellcasting
  8431 | D:8      | Reached skill level 1 in Fire Magic
  8431 | D:8      | Reached skill level 1 in Earth Magic
  8464 | D:8      | Noticed Psyche
  8490 | D:8      | Killed Psyche
  8583 | D:8      | Reached ** piety under Sif Muna
  8996 | D:8      | Reached XP level 10. HP: 84/84 MP: 22/22
  9415 | D:9      | Noticed a two-headed ogre
  9423 | D:9      | Killed a two-headed ogre
  9426 | D:9      | Found Upnimab's Antique Weapon Shop.
  9547 | D:9      | Found Papnyr's General Store.
  9567 | D:9      | Bought a scroll of identify for 28 gold pieces
  9963 | D:9      | Reached skill level 9 in Spellcasting
 10308 | D:9      | Found Hewuen's Food Boutique.
 10380 | D:9      | Found Zupt's Gadget Emporium.
 10404 | D:9      | Found Derhocull's Food Shop.
 10614 | D:9      | Found a shadowy altar of Dithmenos.
 10696 | D:10     | Entered Level 10 of the Dungeon
 10865 | D:9      | Killed from afar by a vampire

Skill      XL: |  1  2  3  4  5  6  7  8  9 10 |
---------------+-------------------------------+-----
Fighting       | 1 2 3 4 5 6 7 |  7.3
Spellcasting   | 3 4 5 6 7 8 9 |  9.1
Conjurations   | 5 6 7 |  7.9
Short Blades   | 1 3 |  3.0
Dodging        | 3 |  3.9
Air Magic      | 2 |  2.0
Poison Magic   | 2 |  2.0
Fire Magic     | 2 3 |  3.2
Earth Magic    | 2 3 |  3.3
Stealth        | |  1.7

Action                   |  1- 3 |  4- 6 |  7- 9 | 10-12 || total
-------------------------+-------+-------+-------+-------++-------
Melee: Unarmed           |    95 |    35 |       |       ||   130
       Tailslap          |    13 |     2 |    42 |     9 ||    66
       Falchion          |       |    14 |     2 |       ||    16
       Dagger            |       |       |   309 |    79 ||   388
 Cast: Magic Dart        |    56 |    66 |     3 |       ||   125
       Searing Ray       |     1 |    31 |    16 |     3 ||    51
       Dazzling Spray    |       |     1 |       |       ||     1
       Iskenderun's Myst |       |       |    19 |    23 ||    42
       Mephitic Cloud    |       |       |     8 |     7 ||    15
       Blink             |       |       |     2 |       ||     2
Invok: Divine Energy     |       |       |     1 |       ||     1
 Abil: Breathe Acid      |       |       |    17 |     5 ||    22
  Use: Scroll            |       |     6 |     9 |       ||    15
       Potion            |       |     4 |       |     1 ||     5
 Stab: Sleeping          |     3 |     1 |     3 |     2 ||     9
       Confused          |       |       |     3 |     1 ||     4
  Eat: Chunk             |     4 |     8 |    17 |     8 ||    37
       Ration            |       |       |     1 |       ||     1
Armor: Skin              |    53 |    55 |    69 |    31 ||   208
Dodge: Dodged            |   115 |    90 |   174 |    31 ||   410
Block: Other             |    15 |    20 |    40 |     7 ||    82
       Reflection        |     1 |       |     1 |       ||     2
       Rpst.: Falchion   |       |     6 |     1 |       ||     7
